| TOP OF THE 1ST |
|
Miami (APP) Marlins batting - Pitching for Philadelphia (APP) Phillies : RHP Robert Chauvel
|
|
Pitching: RHP Robert Chauvel
|
|
|
Batting: RHB Torquato Uso
|
0-0: Ball 1-0: Called Strike 1-1: Ground out 6-3 (Groundball, 6D, EV 98.1 MPH)
|
|
Batting: RHB Terrell Smith
|
0-0: Foul Ball, location: 2F 0-1: Called Strike 0-2: Ball 1-2: Strikes out swinging
|
|
Batting: RHB Clark Meagher
|
0-0: Called Strike 0-1: Ball 1-1: Ball 2-1: Foul Ball, location: 2F 2-2: SOLO HOME RUN (Flyball, 7D, EV 96.2 MPH), Distance : 350 ft
|
|
Batting: LHB Tony Olmos
|
0-0: Called Strike 0-1: Foul Ball, location: 2F 0-2: Ball 1-2: Ball 2-2: Foul Ball, location: 2F 2-2: Ball 3-2: Strikes out swinging
|
| Top of the 1st over - 1 run, 1 hit, 0 errors, 0 left on base; Miami (APP) 1 - Philadelphia (APP) 0 |
| BOTTOM OF THE 1ST |
|
Philadelphia (APP) Phillies batting - Pitching for Miami (APP) Marlins : RHP Santiago Navarro
|
|
Pitching: RHP Santiago Navarro
|
|
|
Batting: SHB Sam Fredrick
|
0-0: Called Strike 0-1: Called Strike 0-2: Ball 1-2: Ball 2-2: Foul Ball, location: 2F 2-2: Strikes out swinging
|
|
Batting: LHB Victor Estrada
|
0-0: Ball 1-0: Ball 2-0: Called Strike 2-1: Ground out 4-3 (Groundball, 4, EV 83.8 MPH)
|
|
Batting: RHB Nick Maxwell
|
0-0: Ball 1-0: Ball 2-0: Ball 3-0: Called Strike 3-1: Base on Balls
|
|
Batting: RHB Dan Doggett
|
0-0: Called Strike 0-1: SINGLE (Groundball, 6MD, EV 108.1 MPH) Nick Maxwell to second
|
|
Batting: LHB Jessie Whedbee
|
0-0: Called Strike 0-1: Called Strike 0-2: Strikes out swinging
|
| Bottom of the 1st over - 0 runs, 1 hit, 0 errors, 2 left on base; Miami (APP) 1 - Philadelphia (APP) 0 |
| TOP OF THE 2ND |
|
Miami (APP) Marlins batting - Pitching for Philadelphia (APP) Phillies : RHP Robert Chauvel
|
|
Batting: RHB David Martin
|
0-0: Called Strike 0-1: Ball 1-1: Foul Ball, location: 2F 1-2: Ball 2-2: Ball 3-2: Base on Balls
|
|
Batting: RHB Kazumi Inouye
|
0-0: Fielders Choice at 2nd, 4-6 (Groundball, 34, EV 103.8 MPH)
|
|
Batting: RHB Robbie Gomez
|
0-0: Ball Kazumi Inouye steals 2nd base 1-0: Called Strike 1-1: Foul Ball, location: 2F 1-2: Ball Passed Ball! Kazumi Inouye to third 2-2: Foul Ball, location: 2F 2-2: Ball 3-2: Ground out 4-3 (Groundball, 4, EV 81.9 MPH) Kazumi Inouye scores
|
|
Batting: RHB Adrian Bocker
|
0-0: Ball 1-0: Foul Ball, location: 2F 1-1: Ball 2-1: Foul Ball, location: 2F 2-2: Ball 3-2: Ground out 6-3 (Groundball, 6, EV 86.9 MPH)
|
| Top of the 2nd over - 1 run, 0 hits, 0 errors, 0 left on base; Miami (APP) 2 - Philadelphia (APP) 0 |
| BOTTOM OF THE 2ND |
|
Philadelphia (APP) Phillies batting - Pitching for Miami (APP) Marlins : RHP Santiago Navarro
|
|
Batting: RHB Mike Ryan
|
0-0: Bunt missed! 0-1: Fly out, F8 (Line Drive, 8RM, EV 93.8 MPH)
|
|
Batting: RHB Jose Hurtado
|
0-0: Called Strike 0-1: Swinging Strike 0-2: Strikes out swinging
|
|
Batting: LHB Justin Harrison
|
0-0: Fly out, F7 (Flyball, 78M, EV 81.2 MPH)
|
| Bottom of the 2nd over - 0 runs, 0 hits, 0 errors, 0 left on base; Miami (APP) 2 - Philadelphia (APP) 0 |
| TOP OF THE 3RD |
|
Miami (APP) Marlins batting - Pitching for Philadelphia (APP) Phillies : RHP Robert Chauvel
|
|
Batting: RHB Hektor Luvian
|
0-0: Ground out 5-3 (Groundball, 5, EV 93.8 MPH)
|
|
Batting: RHB Torquato Uso
|
0-0: Ball 1-0: Called Strike 1-1: Swinging Strike 1-2: Strikes out swinging
|
|
Batting: RHB Terrell Smith
|
0-0: Ball 1-0: Ball 2-0: Called Strike 2-1: Ball 3-1: Foul Ball, location: 2F 3-2: Base on Balls
|
|
Batting: RHB Clark Meagher
|
0-0: Called Strike 0-1: Foul Ball, location: 2F 0-2: Ball 1-2: Fly out, F3 (Popup, 3SF, EV 70.6 MPH)
|
| Top of the 3rd over - 0 runs, 0 hits, 0 errors, 1 left on base; Miami (APP) 2 - Philadelphia (APP) 0 |
| BOTTOM OF THE 3RD |
|
Philadelphia (APP) Phillies batting - Pitching for Miami (APP) Marlins : RHP Santiago Navarro
|
|
Batting: RHB Franck Basset
|
0-0: Ball 1-0: Foul Ball, location: 2F 1-1: Ball 2-1: Foul Ball, location: 2F 2-2: Ball 3-2: Strikes out swinging
|
|
Batting: SHB Sam Fredrick
|
0-0: Ball 1-0: Ball 2-0: Ball 3-0: Swinging Strike 3-1: Base on Balls
|
|
Batting: LHB Victor Estrada
|
0-0: Called Strike 0-1: Ball 1-1: Called Strike 1-2: Strikes out swinging
|
|
Batting: RHB Nick Maxwell
|
0-0: Foul Ball, location: 2F 0-1: Ball 1-1: Foul Ball, location: 2F 1-2: Ball 2-2: Strikes out swinging
|
| Bottom of the 3rd over - 0 runs, 0 hits, 0 errors, 1 left on base; Miami (APP) 2 - Philadelphia (APP) 0 |
| TOP OF THE 4TH |
|
Miami (APP) Marlins batting - Pitching for Philadelphia (APP) Phillies : RHP Robert Chauvel
|
|
Batting: LHB Tony Olmos
|
0-0: Called Strike 0-1: SOLO HOME RUN (Flyball, 7D, EV 93.1 MPH), Distance : 351 ft
|
|
Batting: RHB David Martin
|
0-0: Ball 1-0: Called Strike 1-1: Foul Ball, location: 2F 1-2: Strikes out swinging
|
|
Batting: RHB Kazumi Inouye
|
0-0: Called Strike 0-1: Swinging Strike 0-2: Ball 1-2: Ball 2-2: Ball 3-2: Base on Balls
|
|
Batting: RHB Robbie Gomez
|
0-0: Called Strike 0-1: Called Strike 0-2: Ball 1-2: Ball 2-2: SINGLE (Line Drive, 34D, EV 97.5 MPH) Kazumi Inouye to second Runner from 2nd tries for 3rd, SAFE, throw by RF made to third
|
|
Batting: RHB Adrian Bocker
|
0-0: Ball 1-0: Ball 2-0: Foul Ball, location: 2F 2-1: Called Strike 2-2: Ball 3-2: 3-RUN HOME RUN (Flyball, 7D, EV 94.4 MPH), Distance : 357 ft
|
|
Pitching: LHP Marc Haigler
|
|
|
Batting: RHB Hektor Luvian
|
0-0: Swinging Strike 0-1: Ball 1-1: Ball 2-1: Ball 3-1: Base on Balls
|
|
Batting: RHB Torquato Uso
|
0-0: Fly out, F8 (Flyball, 8LS, EV 83.1 MPH)
|
|
Batting: RHB Terrell Smith
|
0-0: Ball 1-0: Ball 2-0: Called Strike 2-1: Ball 3-1: Foul Ball, location: 2F 3-2: SINGLE (Line Drive, 7LS, EV 91.2 MPH) Hektor Luvian to second Hektor Luvian to third
|
|
Batting: RHB Clark Meagher
|
0-0: Swinging Strike Passed Ball! Hektor Luvian scores Terrell Smith to second 0-1: Ball 1-1: Called Strike 1-2: Strikes out swinging
|
| Top of the 4th over - 5 runs, 4 hits, 0 errors, 1 left on base; Miami (APP) 7 - Philadelphia (APP) 0 |
| BOTTOM OF THE 4TH |
|
Philadelphia (APP) Phillies batting - Pitching for Miami (APP) Marlins : RHP Santiago Navarro
|
|
Batting: RHB Dan Doggett
|
0-0: Ground out 5-3 (Groundball, 5L, EV 98.1 MPH)
|
|
Batting: LHB Jessie Whedbee
|
0-0: Ball 1-0: Foul Ball, location: 2F 1-1: Foul Ball, location: 2F 1-2: Foul Ball, location: 2F 1-2: Ball 2-2: Strikes out swinging
|
|
Batting: RHB Mike Ryan
|
0-0: Ball 1-0: Called Strike 1-1: Called Strike 1-2: Ball 2-2: Foul Ball, location: 2F 2-2: Ball 3-2: Foul Ball, location: 2F 3-2: Base on Balls
|
|
Batting: RHB Jose Hurtado
|
0-0: Ball 1-0: Swinging Strike 1-1: Swinging Strike 1-2: Ball 2-2: Strikes out swinging
|
| Bottom of the 4th over - 0 runs, 0 hits, 0 errors, 1 left on base; Miami (APP) 7 - Philadelphia (APP) 0 |
| TOP OF THE 5TH |
|
Miami (APP) Marlins batting - Pitching for Philadelphia (APP) Phillies : LHP Marc Haigler
|
|
Batting: LHB Tony Olmos
|
0-0: Ball 1-0: Ball 2-0: Ball 3-0: Called Strike 3-1: Base on Balls
|
|
Pitching: RHP Robert Mccabe
|
|
|
Batting: RHB David Martin
|
0-0: Ball 1-0: Foul Ball, location: 2F 1-1: Called Strike 1-2: Fielders Choice at 2nd, 5-4 (Groundball, 56, EV 83.8 MPH)
|
|
Batting: RHB Kazumi Inouye
|
0-0: SINGLE (Groundball, 6MD, EV 103.1 MPH) David Martin to second David Martin to third
|
|
Batting: RHB Robbie Gomez
|
0-0: Called Strike 0-1: Ball 1-1: DOUBLE (Line Drive, 7LS, EV 114.4 MPH) David Martin scores Kazumi Inouye to third Runner from 3rd tries for Home, SAFE, throw by LF to home
|
|
Batting: RHB Adrian Bocker
|
0-0: Ball Passed Ball! Robbie Gomez to third 1-0: Ball 2-0: Foul Ball, location: 2F 2-1: Called Strike 2-2: SINGLE (Groundball, 6MD, EV 95.6 MPH) Robbie Gomez scores
|
|
Batting: RHB Hektor Luvian
|
0-0: Called Strike 0-1: Ball 1-1: Foul Ball, location: 2F 1-2: Ball 2-2: Strikes out swinging
|
|
Pitching: RHP RĂ¼diger Stritter
|
|
|
Batting: RHB Torquato Uso
|
0-0: Called Strike 0-1: Called Strike 0-2: Foul Ball, location: 2F 0-2: Strikes out looking
|
| Top of the 5th over - 3 runs, 3 hits, 0 errors, 1 left on base; Miami (APP) 10 - Philadelphia (APP) 0 |
| BOTTOM OF THE 5TH |
|
Philadelphia (APP) Phillies batting - Pitching for Miami (APP) Marlins : RHP Santiago Navarro
|
|
Batting: LHB Justin Harrison
|
0-0: Ball 1-0: SINGLE (Groundball, 4D, EV 107.5 MPH)
|
|
Batting: RHB Franck Basset
|
0-0: Bunted foul 0-1: Bunted foul 0-2: Sac Bunt to 13 - play at first, batter OUT! 1-3 Justin Harrison to second
|
|
Batting: SHB Sam Fredrick
|
0-0: Ball 1-0: Foul Ball, location: 2F 1-1: Swinging Strike 1-2: Strikes out swinging
|
|
Batting: LHB Victor Estrada
|
0-0: Ground out 4-3 (Groundball, 34, EV 111.2 MPH)
|
| Bottom of the 5th over - 0 runs, 1 hit, 0 errors, 1 left on base; Miami (APP) 10 - Philadelphia (APP) 0 |
| TOP OF THE 6TH |
|
Miami (APP) Marlins batting - Pitching for Philadelphia (APP) Phillies : RHP RĂ¼diger Stritter
|
|
Batting: RHB Terrell Smith
|
0-0: SOLO HOME RUN (Flyball, 7LD, EV 92.5 MPH), Distance : 336 ft
|
|
Batting: RHB Clark Meagher
|
0-0: Ball 1-0: Ball 2-0: Ball 3-0: Called Strike 3-1: Foul Ball, location: 2F 3-2: Foul Ball, location: 2F 3-2: Strikes out swinging
|
|
Batting: LHB Tony Olmos
|
0-0: Ball 1-0: Ball 2-0: Ball 3-0: Called Strike 3-1: Base on Balls
|
|
Batting: RHB David Martin
|
0-0: Ball 1-0: Called Strike 1-1: Ball Passed Ball! Tony Olmos to second 2-1: Foul Ball, location: 2F 2-2: Fly out, F6 (Popup, 6, EV 63.8 MPH)
|
|
Pitching: RHP Takuzo Sato
|
|
|
Batting: RHB Kazumi Inouye
|
0-0: Ball 1-0: Swinging Strike 1-1: Ball 2-1: Ball 3-1: Base on Balls
|
|
Batting: RHB Robbie Gomez
|
0-0: Called Strike 0-1: Ball 1-1: Called Strike 1-2: Ball 2-2: Ball 3-2: Fly out, F9 (Line Drive, 9S, EV 103.8 MPH)
|
| Top of the 6th over - 1 run, 1 hit, 0 errors, 2 left on base; Miami (APP) 11 - Philadelphia (APP) 0 |
| BOTTOM OF THE 6TH |
|
Philadelphia (APP) Phillies batting - Pitching for Miami (APP) Marlins : RHP Santiago Navarro
|
|
Batting: RHB Nick Maxwell
|
0-0: Foul Ball, location: 2F 0-1: Ball 1-1: Foul Ball, location: 2F 1-2: Ball 2-2: Foul Ball, location: 2F 2-2: Reached on error, E6 (Groundball, 6, EV 101.9 MPH)
|
|
Batting: RHB Dan Doggett
|
0-0: Ball 1-0: Ball 2-0: Ball 3-0: Base on Balls Nick Maxwell to second
|
|
Batting: LHB Jessie Whedbee
|
0-0: Foul Ball, location: 2F 0-1: Foul Ball, location: 2F 0-2: Ball 1-2: Foul Ball, location: 2F 1-2: Ball 2-2: Grounds into double play, 6-4-3 (Groundball, 6, EV 81.9 MPH) Nick Maxwell to third
|
|
Batting: RHB Mike Ryan
|
0-0: Called Strike 0-1: Foul Ball, location: 2F 0-2: Ball 1-2: Ball 2-2: Foul Ball, location: 2F 2-2: Strikes out swinging
|
| Bottom of the 6th over - 0 runs, 0 hits, 1 error, 1 left on base; Miami (APP) 11 - Philadelphia (APP) 0 |
| TOP OF THE 7TH |
|
Miami (APP) Marlins batting - Pitching for Philadelphia (APP) Phillies : RHP Takuzo Sato
|
|
Batting: RHB Adrian Bocker
|
0-0: Foul Ball, location: 2F 0-1: Ball 1-1: Ball 2-1: Foul Ball, location: 2F 2-2: Ball 3-2: Reached on error, E4 (Groundball, 4, EV 81.9 MPH)
|
|
Batting: RHB Hektor Luvian
|
0-0: Ball 1-0: Ball Wild Pitch! Adrian Bocker to third 2-0: Ball 3-0: Base on Balls
|
|
Batting: RHB Torquato Uso
|
0-0: Fielders Choice at 2nd, 5-4 (Groundball, 5S, EV 86.9 MPH) Adrian Bocker scores
|
|
Batting: RHB Terrell Smith
|
0-0: Called Strike 0-1: Ball 1-1: Foul Ball, location: 2F 1-2: Ball 2-2: Ball 3-2: Base on Balls Torquato Uso to second
|
|
Batting: RHB Clark Meagher
|
0-0: Called Strike 0-1: Ball 1-1: 3-RUN HOME RUN (Flyball, 78XD, EV 96.9 MPH), Distance : 386 ft
|
|
Batting: LHB Tony Olmos
|
0-0: Ball 1-0: Foul Ball, location: 2F 1-1: Foul Ball, location: 2F 1-2: Ball 2-2: Ball 3-2: Foul Ball, location: 2F 3-2: SOLO HOME RUN (Line Drive, 89XD, EV 108.1 MPH), Distance : 403 ft
|
|
Pitching: LHP Chris Alexopoulos
|
|
|
Batting: RHB David Martin
|
0-0: Called Strike 0-1: Ball 1-1: Ball 2-1: Swinging Strike 2-2: SINGLE (Groundball, 56D, EV 107.5 MPH)
|
|
Batting: RHB Kazumi Inouye
|
0-0: Called Strike 0-1: Ball 1-1: SINGLE (Groundball, 6MD, EV 106.2 MPH) David Martin to second
|
|
Batting: RHB Robbie Gomez
|
0-0: Ball 1-0: Ball 2-0: Swinging Strike 2-1: Ball 3-1: Called Strike 3-2: Fielders Choice at 2nd, 6-4 (Groundball, 6, EV 80.6 MPH) David Martin to third
|
|
Batting: RHB Adrian Bocker
|
0-0: Ball 1-0: Foul Ball, location: 2F 1-1: Called Strike 1-2: DOUBLE (Flyball, 8RD, EV 112.5 MPH) David Martin scores Robbie Gomez to third
|
|
Batting: RHB Hektor Luvian
|
0-0: Ball 1-0: Ball 2-0: Ball 3-0: Called Strike 3-1: Foul Ball, location: 2F 3-2: Base on Balls
|
|
Batting: RHB Torquato Uso
|
0-0: Called Strike 0-1: Called Strike 0-2: Ball 1-2: Foul Ball, location: 2F 1-2: Ball 2-2: Strikes out swinging
|
| Top of the 7th over - 6 runs, 5 hits, 1 error, 3 left on base; Miami (APP) 17 - Philadelphia (APP) 0 |
| BOTTOM OF THE 7TH |
|
Philadelphia (APP) Phillies batting - Pitching for Miami (APP) Marlins : RHP Santiago Navarro
|
|
Batting: RHB Jose Hurtado
|
0-0: Ground out 6-3 (Groundball, 56, EV 85.0 MPH)
|
|
Batting: LHB Justin Harrison
|
0-0: Ball 1-0: SOLO HOME RUN (Flyball, 9D, EV 92.5 MPH), Distance : 347 ft
|
|
Pitching: RHP Eric Schafer
|
|
|
Batting: RHB Franck Basset
|
0-0: Called Strike 0-1: Ball 1-1: Swinging Strike 1-2: Ball 2-2: Strikes out swinging
|
|
Batting: SHB Sam Fredrick
|
0-0: Ball 1-0: Foul Ball, location: 2F 1-1: Swinging Strike 1-2: Foul Ball, location: 2F 1-2: Foul Ball, location: 2F 1-2: Ground out 3-1 (Groundball, 34, EV 87.5 MPH)
|
| Bottom of the 7th over - 1 run, 1 hit, 0 errors, 0 left on base; Miami (APP) 17 - Philadelphia (APP) 1 |
| TOP OF THE 8TH |
|
Miami (APP) Marlins batting - Pitching for Philadelphia (APP) Phillies : LHP Chris Alexopoulos
|
|
Batting: RHB Terrell Smith
|
0-0: Ball 1-0: Ball 2-0: SINGLE (Flyball, 89S, EV 88.8 MPH)
|
|
Batting: RHB Clark Meagher
|
0-0: 2-RUN HOME RUN (Flyball, 7D, EV 95.6 MPH), Distance : 353 ft
|
|
Batting: LHB Tony Olmos
|
0-0: Ball 1-0: Ball 2-0: Called Strike 2-1: Foul Ball, location: 2F 2-2: Strikes out swinging
|
|
Batting: RHB David Martin
|
0-0: Ball 1-0: Swinging Strike 1-1: Foul Ball, location: 2F 1-2: Ball 2-2: Ball 3-2: Base on Balls
|
|
Batting: RHB Kazumi Inouye
|
0-0: Called Strike 0-1: Foul Ball, location: 2F 0-2: Ball 1-2: Ball 2-2: Ball 3-2: SINGLE (Groundball, 34D, EV 98.8 MPH) David Martin to second Throwing error, E9 David Martin scores Kazumi Inouye to second
|
|
Batting: RHB Robbie Gomez
|
0-0: Ball 1-0: Called Strike 1-1: Ball Passed Ball! Kazumi Inouye to third 2-1: Swinging Strike 2-2: Hit by Pitch
|
|
Batting: RHB Adrian Bocker
|
0-0: Ball Passed Ball! Kazumi Inouye scores Robbie Gomez to second 1-0: Ball 2-0: Called Strike 2-1: Ball 3-1: Base on Balls
|
|
Batting: RHB Hektor Luvian
|
0-0: Called Strike 0-1: Ball Passed Ball! Robbie Gomez to third Adrian Bocker to second 1-1: Ball Wild Pitch! Robbie Gomez scores Adrian Bocker to third 2-1: Fly out, F9 (Flyball, 9, EV 90.6 MPH)
|
|
Batting: RHB Torquato Uso
|
0-0: Ball Wild Pitch! Adrian Bocker scores 1-0: Ball 2-0: Ball 3-0: Base on Balls
|
|
Batting: RHB Terrell Smith
|
0-0: Ball 1-0: Ball Passed Ball! Torquato Uso to second 2-0: Ball Passed Ball! Torquato Uso to third 3-0: Base on Balls
|
|
Batting: RHB Clark Meagher
|
0-0: Foul Ball, location: 2F 0-1: Ball 1-1: Ball Passed Ball! Torquato Uso scores Terrell Smith to second 2-1: Ball 3-1: Base on Balls
|
|
Batting: LHB Tony Olmos
|
0-0: Ball 1-0: Ball 2-0: Ball Wild Pitch! Terrell Smith to third Clark Meagher to second 3-0: Base on Balls
|
|
Batting: RHB David Martin
|
0-0: Ball 1-0: Ball Passed Ball! Terrell Smith scores Clark Meagher to third Tony Olmos to second 2-0: Ball Passed Ball! Clark Meagher scores Tony Olmos to third 3-0: Called Strike 3-1: Foul Ball, location: 2F 3-2: Foul Ball, location: 2F 3-2: Base on Balls
|
|
Batting: RHB Kazumi Inouye
|
0-0: Fielders Choice at 2nd, U4 (Groundball, 4M, EV 85.6 MPH)
|
| Top of the 8th over - 9 runs, 3 hits, 1 error, 2 left on base; Miami (APP) 26 - Philadelphia (APP) 1 |
| BOTTOM OF THE 8TH |
|
Philadelphia (APP) Phillies batting - Pitching for Miami (APP) Marlins : RHP Eric Schafer
|
|
Batting: LHB Victor Estrada
|
0-0: Called Strike 0-1: Foul Ball, location: 2F 0-2: Ball 1-2: Strikes out swinging
|
|
Batting: RHB Nick Maxwell
|
0-0: Foul Ball, location: 2F 0-1: Ball 1-1: Foul Ball, location: 2F 1-2: Ball 2-2: Strikes out swinging
|
|
Batting: RHB Dan Doggett
|
0-0: Ball 1-0: Foul Ball, location: 2F 1-1: Ball 2-1: Hit by Pitch
|
|
Batting: LHB Jessie Whedbee
|
0-0: Ball 1-0: Called Strike 1-1: Ball 2-1: Swinging Strike 2-2: Strikes out swinging
|
| Bottom of the 8th over - 0 runs, 0 hits, 0 errors, 1 left on base; Miami (APP) 26 - Philadelphia (APP) 1 |
| TOP OF THE 9TH |
|
Miami (APP) Marlins batting - Pitching for Philadelphia (APP) Phillies : LHP Chris Alexopoulos
|
|
Batting: RHB Robbie Gomez
|
0-0: Ball 1-0: Ball 2-0: Ball 3-0: Base on Balls
|
|
Batting: RHB Adrian Bocker
|
0-0: Ball Passed Ball! Robbie Gomez to second 1-0: Ball 2-0: Foul Ball, location: 2F 2-1: Foul Ball, location: 2F 2-2: Ball 3-2: Base on Balls
|
|
Pinch Hitting: LHB Takao Ogura
|
0-0: Ball 1-0: Ball Passed Ball! Robbie Gomez to third Adrian Bocker to second 2-0: Foul Ball, location: 2F 2-1: SINGLE (Groundball, 15S, EV 70.6 MPH) (infield hit)
|
|
Batting: RHB Torquato Uso
|
0-0: Called Strike 0-1: Foul Ball, location: 2F 0-2: Fielders Choice at 2nd, 6-4 (Groundball, 6, EV 90.0 MPH) Robbie Gomez scores Adrian Bocker to third
|
|
Batting: RHB Terrell Smith
|
0-0: Ball 1-0: Swinging Strike 1-1: Ball 2-1: Ball Wild Pitch! Adrian Bocker scores Torquato Uso to second 3-1: Base on Balls
|
|
Batting: RHB Clark Meagher
|
0-0: Ball 1-0: Ball Passed Ball! Torquato Uso to third Terrell Smith to second 2-0: Ball Wild Pitch! Torquato Uso scores Terrell Smith to third 3-0: Base on Balls
|
|
Batting: LHB Tony Olmos
|
0-0: Ball 1-0: Ball 2-0: Ball 3-0: Base on Balls Clark Meagher to second
|
|
Batting: RHB David Martin
|
0-0: SINGLE (Groundball, 6, EV 107.5 MPH) Terrell Smith scores Clark Meagher to third Tony Olmos to second
|
|
Batting: RHB Kazumi Inouye
|
0-0: Foul Ball, location: 2F 0-1: Fly out, F7 (Flyball, 7, EV 93.1 MPH)
|
|
Batting: RHB Robbie Gomez
|
0-0: Fly out, F8 (Flyball, 8LD, EV 83.1 MPH)
|
| Top of the 9th over - 4 runs, 2 hits, 0 errors, 3 left on base; Miami (APP) 30 - Philadelphia (APP) 1 |
| BOTTOM OF THE 9TH |
|
Philadelphia (APP) Phillies batting - Pitching for Miami (APP) Marlins : RHP Eric Schafer
|
|
Now at 3B: Axel Moltke
|
|
|
Batting: RHB Mike Ryan
|
0-0: Ground out 4-3 (Groundball, 4, EV 78.1 MPH)
|
|
Batting: RHB Jose Hurtado
|
0-0: Foul Ball, location: 2F 0-1: Ball 1-1: Ball 2-1: Ball 3-1: Base on Balls
|
|
Pitching: RHP Freddie Robe
|
|
|
Batting: LHB Justin Harrison
|
0-0: Ball 1-0: Foul Ball, location: 7LSF, Error on foul ball, E7 1-1: Called Strike 1-2: Ball 2-2: Foul Ball, location: 2F 2-2: Ball 3-2: Strikes out swinging
|
|
Batting: RHB Franck Basset
|
0-0: Foul Ball, location: 2F 0-1: Ball 1-1: Swinging Strike 1-2: Ball 2-2: Strikes out swinging
|
| Bottom of the 9th over - 0 runs, 0 hits, 1 error, 1 left on base; Miami (APP) 30 - Philadelphia (APP) 1 |
|